AoeStats
← Evan Mason

Arabia

507698459Analyzed
4v4 RM · 14d ago on Sep 19, 2026· 26m 14s· 8 players
Game mode
Random Map
Map size
Large (8 player)
Population
200
Speed
Normal
Resources
Standard
Victory
Conquest
Starting age
Dark Age
Ending age
Imperial Age
RankedLock teamsTeams togetherTeam positionsShared explorationLock speedFull tech treeHidden civsTurbo modeCheats
Victory
Defeat
🇺🇸 Franks · United States
733
+12
🇰🇷 Franks · South Korea
697
+13
🇺🇸 Huns · United States
694
+14
🇺🇸 Khmer · United States
683
+14
🇩🇰 Franks · Denmark
698
-15
🇪🇸 Mongols · Spain
636
-13
🇨🇳 Bohemians · China
624
-13
🇬🇧 Magyars · United Kingdom
611
-12
Archaon el Elegido
10:10 Loom
12:49 Feudal Age
21:47 Forging
21:38 Scale Mail Armor
21:52 Forging
21:43 Scale Mail Armor
22:54 Fletching
23:05 Padded Archer Armor
23:08 Town Watch
25:18 Wheelbarrow
28:20 Castle Age
27:18 Wheelbarrow
deano earlhs
0:36 Loom
10:34 Feudal Age
12:43 Double-Bit Axe
13:41 Wheelbarrow
24:05 Bloodlines
24:25 Stone Mining
BlacKHazE.
10:29 Loom
12:38 Feudal Age
13:10 Double-Bit Axe
20:46 Wheelbarrow
23:41 Castle Age
24:14 Stone Mining
24:52 Bow Saw
Evan Mason
10:49 Feudal Age
11:16 Horse Collar
21:53 Castle Age
24:14 Wheelbarrow
25:45 Double-Bit Axe
lindapc12345
0:32 Loom
12:27 Feudal Age
16:15 Double-Bit Axe
20:25 Castle Age
21:37 Gambesons
maverick23
12:37 Feudal Age
10:54 Loom
13:00 Man-at-Arms
16:00 Double-Bit Axe
17:01 Horse Collar
23:58 Castle Age
24:28 Stone Mining
24:47 Gold Mining
25:09 Long Swordsman
26:25 Scale Mail Armor
natepc123
10:06 Feudal Age
8:50 Loom
10:33 Double-Bit Axe
10:32 Horse Collar
12:12 Wheelbarrow
16:52 Stone Mining
19:41 Castle Age
21:54 Hand Cart
22:03 Town Watch
22:37 Gold Mining
26:03 Bow Saw
Shadow♠
4:13 Loom
11:24 Feudal Age
13:35 Wheelbarrow
13:30 Forging
19:18 Gold Mining
22:44 Castle Age
22:20 Double-Bit Axe
22:55 Scale Barding Armor
23:29 Husbandry
25:17 Bow Saw
Connection lost

Rejoining the realm…

Still unreachable

The connection could not be restored.

Session expired

The server has moved on; the page needs a fresh start.